Map: Year Zero LE

Players

Awers - Winner!

  • Race: Terran Terran
  • Spawn Location: 1:00

Leandoer

  • Race: Zerg Zerg
  • Spawn Location: 11:00

Event: 2019 WCS Spring

VOD

Have the link to the VOD?

Description

Time

  • Played on: May 17, 2019, 10:01 a.m.
  • Length: 10:22

All games in this series

Show
View Real Time Build Order
Export as new Build Order

Awers Terran - Winner!

Build Orders: Reaper Expand 

Get SALT Encoding   

  12  0:00  SCV  
  13  0:13  SCV  
  14  0:18  Supply Depot  
  14  0:25  SCV  
  15  0:40  SCV  
  15  0:41  Barracks  
  16  0:45  Refinery  
  16  0:52  SCV  
  17  1:04  SCV  
  18  1:16  SCV  
  19  1:29  Reaper, Orbital Command  
  20  1:42  Command Center  
  20  1:50  Supply Depot  
  20  1:55  SCV  
  20  2:01  Marine  
  21  2:07  SCV  
  23  2:13  Factory  
  23  2:19  SCV  
  23  2:22  Refinery, Barracks Reactor  
  24  2:31  SCV  
  25  2:43  SCV  
  26  2:55  SCV  
  26  2:56  Orbital Command  
  27  3:00  Starport  
  27  3:07  SCV, Hellion x2  
  32  3:13  Barracks Tech Lab  
  32  3:19  SCV  
  33  3:23  Supply Depot  
  33  3:24  SCV  
  34  3:31  SCV  
  35  3:36  SCV  
  35  3:39  Fusion Core  
  36  3:43  SCV  
  36  3:48  SCV, Hellion x2  
  42  3:50  Supply Depot  
  42  3:56  SCV  
  42  4:01  SCV  
  44  4:08  SCV  
  49  4:10  Hellion x2  
  49  4:12  Supply Depot  
  49  4:13  SCV  
  53  4:20  SCV  
  54  4:27  Battlecruiser  
  54  4:29  SCV  
  58  4:34  SCV, Supply Depot  
  58  4:36  Hellion x2  
  63  4:42  Armory, SCV  
  64  4:46  SCV  
  64  4:49  Refinery  
  64  4:51  Refinery  
  65  4:54  SCV  
  66  5:00  Supply Depot  
  66  5:01  SCV  
  66  5:02  Hellion  
  66  5:03  Hellion  
  71  5:07  SCV  
  71  5:18  SCV  
  71  5:20  Command Center  
  72  5:23  SCV  
  73  5:31  Terran Vehicle And Ship Armor Level 1  
  73  5:34  Barracks Tech Lab  
  73  5:35  SCV  
  74  5:36  Factory  
  74  5:37  Factory  
  74  5:38  SCV  
  75  5:47  Starport Reactor  
  75  5:48  SCV  
  76  5:53  Factory  
  72  6:05  SCV  
  72  6:06  SCV  
  68  6:17  SCV, Hellion x2  
  73  6:18  SCV  
  73  6:19  Factory  
  74  6:29  SCV  
  74  6:31  SCV  
  76  6:34  Cyclone  
  76  6:35  Mag-Field Accelerator  
  79  6:41  SCV  
  79  6:43  SCV  
  78  6:47  Cyclone  
  78  6:48  Hellion x2, Factory Tech Lab  
  78  6:53  SCV, Factory  
  79  6:55  SCV, Orbital Command  
  80  7:03  Infernal Pre-Igniter  
  80  7:04  Factory Tech Lab  
  80  7:05  SCV  
  80  7:06  Cyclone  
  80  7:07  SCV  
  80  7:08  Cyclone, Refinery  
  88  7:09  Refinery  
  88  7:14  Hellion x2, Starport Reactor  
  92  7:18  SCV  
  92  7:22  SCV  
  94  7:23  SCV  
  94  7:25  Supply Depot  
  94  7:29  Supply Depot x2  
  95  7:30  SCV, Supply Depot  
  95  7:34  SCV, Terran Vehicle And Ship Armor Level 2  
  95  7:35  SCV  
  98  7:46  Cyclone x2  
  98  7:47  SCV  
  98  7:48  Hellion  
  108  7:52  Liberator  
  108  7:53  Liberator  
  108  7:55  Hellion x2, Cyclone  
  114  8:12  Hellion x2, Command Center  
  124  8:27  SCV  
  125  8:28  Cyclone  
  125  8:29  Hellion, Cyclone  
  125  8:33  Supply Depot  
  133  8:34  Hellion, Supply Depot x2  
  133  8:35  Supply Depot  
  129  8:49  Hellion, Cyclone x2  
  129  8:50  Hellion  
  129  8:53  Hellion  
  141  9:01  Cyclone x2  
  143  9:10  Hellion  
  145  9:21  Cyclone  
  145  9:28  Engineering Bay  
  147  9:31  Hellion x2, Cyclone, Refinery  
  147  9:32  Refinery  
  147  9:34  Command Center  
  149  9:48  Starport  
  149  9:49  Starport  
  150  9:52  SCV  
  150  9:53  SCV  
Show
View Real Time Build Order
Export as new Build Order

Leandoer Zerg 

Build Orders: Hatch First 

Get SALT Encoding   

  12  0:00  Drone  
  13  0:13  Overlord  
  13  0:18  Drone  
  14  0:31  Drone x2  
  16  0:53  Hatchery  
  16  0:55  Drone  
  17  0:57  Drone  
  17  0:59  Drone  
  18  1:11  Extractor  
  18  1:15  Spawning Pool  
  17  1:18  Drone  
  17  1:22  Drone  
  18  1:28  Drone  
  19  1:39  Drone  
  20  1:51  Overlord  
  20  2:02  Queen  
  20  2:05  Queen  
  20  2:06  Zergling x2  
  20  2:07  Zergling x2  
  26  2:11  Metabolic Boost  
  26  2:13  Drone  
  27  2:16  Drone  
  28  2:23  Drone  
  28  2:26  Drone  
  29  2:38  Overlord  
  29  2:41  Queen  
  29  2:42  Drone  
  32  2:46  Queen  
  32  2:49  Drone  
  35  2:55  Overlord  
  35  2:56  Drone  
  37  2:58  Drone  
  37  3:07  Drone  
  37  3:10  Drone  
  39  3:17  Hatchery  
  38  3:31  Drone x4  
  42  3:34  Drone  
  43  3:43  Baneling Nest  
  43  3:44  Overlord  
  43  3:45  Drone  
  43  3:51  Drone x2  
  43  3:52  Drone  
  46  3:57  Lair  
  46  4:01  Zergling x2  
  46  4:02  Zergling x2  
  48  4:03  Queen  
  48  4:07  Zergling x8  
  54  4:18  Spore Crawler  
  54  4:19  Spore Crawler, Drone  
  54  4:21  Zergling x2  
  54  4:22  Zergling x6  
  57  4:29  Baneling x3  
  57  4:33  Overlord  
  57  4:38  Overlord  
  57  4:50  Queen  
  57  4:51  Overlord  
  57  4:52  Drone x2  
  61  4:53  Drone x4  
  61  4:58  Drone  
  66  5:01  Drone x2  
  66  5:07  Drone  
  69  5:12  Drone x3  
  69  5:13  Spore Crawler  
  71  5:14  Baneling x4  
  71  5:17  Spore Crawler  
  71  5:18  Extractor  
  69  5:25  Drone x7  
  69  5:26  Queen  
  78  5:29  Queen  
  78  5:31  Extractor, Drone x2  
  81  5:36  Extractor  
  81  5:41  Drone  
  81  5:42  Extractor, Hydralisk Den  
  80  5:43  Extractor  
  80  5:48  Baneling  
  78  5:52  Baneling x3  
  72  6:04  Zergling x6  
  72  6:05  Zergling x2  
  65  6:17  Zergling x2  
  65  6:18  Zergling x24  
  74  6:23  Queen  
  73  6:32  Baneling x3  
  70  6:34  Drone x3  
  73  6:41  Overlord x4  
  73  6:42  Overlord x2  
  71  6:47  Drone x2  
  71  6:52  Drone x2  
  73  6:54  Overlord  
  73  6:58  Spore Crawler  
  73  6:59  Queen  
  73  7:00  Drone  
  75  7:02  Drone  
  75  7:05  Queen  
  78  7:08  Drone x2  
  78  7:10  Drone  
  78  7:11  Drone  
  78  7:12  Drone  
  83  7:23  Drone x3  
  83  7:28  Drone x2  
  88  7:30  Drone  
  88  7:31  Drone x2  
  88  7:32  Drone  
  92  7:40  Drone  
  92  7:41  Drone x4  
  92  7:42  Hydralisk Den  
  96  7:51  Centrifical Hooks  
  96  7:54  Hatchery  
  95  8:13  Hydralisk  
  95  8:14  Hydralisk x11  
  95  8:15  Hydralisk  
  95  8:17  Hydralisk  
  116  8:27  Baneling x12  
  116  8:28  Baneling x4  
  117  8:38  Hydralisk x5  
  117  8:39  Zergling x4  
  117  8:40  Zergling x2  
  112  8:56  Zergling x12  
  108  9:10  Hydralisk x9  
  126  9:23  Queen  
  126  9:24  Zergling x6  
  126  9:26  Hatchery  
  121  9:36  Drone  
  121  9:37  Drone x2  
  121  9:38  Overlord  
  123  9:42  Hydralisk  
  123  9:43  Hydralisk x2  
  123  9:44  Zergling x2  
  129  9:46  Overlord x2  
  129  9:51  Evolution Chamber  
  129  9:52  Evolution Chamber  
Tags
 
Add a new tag
Caveats
  • Supply blocks, unpowered buildings, or Contaminate may cause inaccurate times.
  • Supply counts are checked every 10 seconds.